 Adventure DCSS version bcrawl-1.27.3 (webtiles) character file.

Game seed: 7595237462216475664

139122 galech the Skirmisher (level 3, 25/29 HPs)
             Began as a Demonspawn Fighter on Sept 21, 2020.
             Quit the game on level 1 of the Dungeon.
             The game lasted 00:00:54 (563 turns).

galech the Skirmisher (Demonspawn Fighter)           Turns: 563, Time: 00:00:55

Health: 25/29      AC:  6    Str: 22    XL:     3   Next: 1%
Magic:  1/3        EV:  5    Int:  9    God:
Gold:   80         SH:  9    Dex: 12    Spells: 2/2 levels left
                                        Lives:  2   Deaths: 0

rFire    . . .     SeeInvis .   a - +0 war axe
rCold    . . .     Gourm    .   c - +0 medium shield
rNeg     . . .     Faith    .   b - +0 scale mail
rPois    .         Spirit   +   (no helmet)
rElec    .         Reflect  .   (no cloak)
rCorr    .         Harm     .   (no gloves)
MR       .....                  (no boots)
Stlth    ..........             j - amulet of guardian spirit
HPRegen  0.09/turn              g - ring of the Philosopher {*Slow +Fly Str+5}
MPRegen  0.08/turn              (no ring)

@: no status effects
A: claws 1, talons 1
a: Evoke Flight


You were on level 1 of the Dungeon.
You were not hungry.

You visited 1 branch of the dungeon, and saw 1 of its levels.

You collected 80 gold pieces.

Inventory:

Hand Weapons
 a - a +0 war axe (weapon)
Armour
 b - a +0 scale mail (worn)
 c - a +0 medium shield (worn)
Jewellery
 g - the ring of the Philosopher (left claw) {*Slow +Fly Str+5}
   (You found it on level 1 of the Dungeon)

   [ring of flight]

   It affects your strength (+5).
   It lets you fly.
   It may slow you when you take damage.
 j - an amulet of guardian spirit (around neck)
Scrolls
 i - a scroll of magic mapping {unknown}
 k - a scroll of immolation {unknown}
 l - 2 scrolls of teleportation {unknown}
Potions
 d - a potion of might
 f - a potion of ambrosia {unknown}
 m - a potion of magic {unknown}
 n - 2 potions of heal wounds {unknown}
Comestibles
 e - a ration {!d}


   Skills:
 + Level 3.2 Fighting
 + Level 2.2 Axes
 + Level 3.0 Armour
 + Level 3.0 Shields


You had 2 spell levels left.
You didn't know any spells.
Your spell library was empty.

Dungeon Overview and Level Annotations

Branches:
Dungeon (1/12)

Altars:


Innate Abilities, Weirdness & Mutations

You have sharp fingernails.
You have sharp toenails.


Message History

You barely miss the goblin. You block the goblin's attack.
You barely miss the goblin. The goblin hits you with a +0 club.
You miss the goblin. The goblin hits you but does no damage.
You block the goblin's attack.
You barely miss the goblin. The goblin hits you but does no damage.
Your shield prevents you from hitting the goblin.
The goblin barely misses you. The goblin hits you but does no damage.
You closely miss the goblin. The goblin hits you with a +0 club.
You closely miss the goblin. The goblin hits you with a +0 club.
You slash the goblin!
You kill the goblin!
You have reached level 3!
Your experience leads to an increase in your attributes!
Your base attributes are Str 16, Int 9, Dex 12.
Increase (S)trength, (I)ntelligence, or (D)exterity?
You feel stronger.
Your demonic ancestry asserts itself...
Your toenails lengthen and sharpen.
Things that are here:
a +0 club; a giant cockroach corpse Are you sure you want to abandon this character and quit the game? (Confirm with "yes".)

.....#
#.........#.##.#
.#####
#.######.>#.##)#
.# #.#
##..#.##.# .#
#[#####.....##.#
.#
#.......#.####.#
.# ###########.#
#.# ##
#...........##
#.#
#[#########..#
#.# #@# #..###.#
#.# #...##.# #.#
#.#.##.# ..###
#.#.##.# ....#
#####.#..#.#
######.#
#...#.##.#.#
#.).##.#
#.#.#......#
#'#.##.#
#..........#
#<#.##.#
###.####...#


There were no monsters in sight!

Vanquished Creatures
  2 dart slugs (D:1)
  4 bats (D:1)
  2 giant cockroaches (D:1)
  2 goblins (D:1)
  3 hobgoblins (D:1)
  A ball python (D:1)
  3 frilled lizards (D:1)
  4 kobolds (D:1)
  5 rats (D:1)
26 creatures vanquished.

Notes
Turn   | Place    | Note
-------+----------+-------------------------------------------
     0 | D:1      | galech the Demonspawn Fighter began the quest for the Orb.
     0 | D:1      | Reached XP level 1. HP: 18/18 MP: 1/1
    12 | D:1      | Got a scorched lead ring
    13 | D:1      | Identified the ring of the Philosopher {*Slow +Fly Str+5}
                  | (You found it on level 1 of the Dungeon)
    80 | D:1      | Gained mutation: You have sharp fingernails. [demonic
                  | ancestry]
    80 | D:1      | Reached XP level 2. HP: 11/24 MP: 2/2
   561 | D:1      | Gained mutation: You have sharp toenails. [demonic
                  | ancestry]
   561 | D:1      | Reached XP level 3. HP: 25/29 MP: 1/3
   563 | D:1      | Quit the game

Skill      XL: |  1  2 |
---------------+-------+-----
Axes           | 2 |  2.2
Shields        | 3 |  3.0
Armour         | 3 |  3.0
Fighting       | |  3.2

Action                   || total
-------------------------++-------
Melee: War axe           ||    79
  Eat: Chunk             ||     2
Armor: Scale mail        ||    41
Dodge: Dodged            ||    17
Block: Medium shield     ||    40
